[Event "Titled Tuesday Blitz July 11 Late 2023"]
[White "Bagrationi, Alexander"]
[Black "Carlsen, Magnus"]
[WhiteFideId "14104954"]
[BlackFideId "1503014"]
[WhiteElo "2517"]
[BlackElo "3284"]
[Result "0-1"]
[Round "1"]
[TimeControl "180+2"]
[Date "2023.07.11"]
[WhiteClock "0:00:00"]
[BlackClock "0:00:44"]
[Board "1"]

1. d4 a6 2. e4 c6 3. c4 d5 4. e5 Bf5 5. Nc3 e6 6. Nf3 Ne7 7. Be3 Nd7 8. c5 Bg4 9. Qb3 Qc7 10. Be2 Nf5 11. Rd1 g6 12. h3 Bxf3 13. Bxf3 Nxe3 14. fxe3 Bh6 15. Ke2 f6 16. exf6 O-O 17. e4 Qf4 18. e5 Nxe5 19. dxe5 Qxe5+ 20. Kf1 Qxf6 21. Re1 Rf7 22. Ke2 Qd4 23. Nd1 e5 24. Qc3 Qh4 25. g4 Raf8 26. Ref1 e4 27. Bg2 Bg7 28. Qe3 d4 29. Qxe4 Re7 30. Rxf8+ Bxf8 31. Nf2 Qg5 32. Rd1 Qxc5 33. Kf1 Rxe4 34. Nxe4 Qc4+ 35. Kg1 d3 36. Nf6+ Kg7 37. g5 Qc5+ 38. Kh1 Qxg5 39. Ne4 Qe3 0-1


[Site "https://www.chess.com"]

[Event "Titled Tuesday Blitz July 11 Late 2023"]
[White "Nakamura, Hikaru"]
[Black "Santos Flores, Alberto"]
[WhiteFideId "2016192"]
[BlackFideId "3601234"]
[WhiteElo "3241"]
[BlackElo "2517"]
[Result "1-0"]
[Round "1"]
[TimeControl "180+2"]
[Date "2023.07.11"]
[WhiteClock "0:01:24"]
[BlackClock "0:00:25"]
[Board "2"]

1. a3 d5 2. d4 Nf6 3. Bf4 Bf5 4. e3 e6 5. c4 c6 6. Nc3 Nbd7 7. c5 Be7 8. b4 a6 9. Bd3 Bxd3 10. Qxd3 Nh5 11. Nf3 O-O 12. O-O Re8 13. a4 Bf6 14. Be5 Bxe5 15. dxe5 g6 16. g4 Ng7 17. Qd4 f6 18. exf6 Qxf6 19. Qxf6 Nxf6 20. Ne5 Rad8 21. b5 axb5 22. axb5 Nd7 23. Nxd7 Rxd7 24. bxc6 bxc6 25. Ra6 Rc8 26. f4 e5 27. fxe5 Ne6 28. Rf6 Re7 29. Na4 Kg7 30. Kg2 Nd8 31. Nb6 Rcc7 32. Na4 Rxe5 33. Rd6 Re8 34. h3 Kf7 35. Kf2 Ke7 36. Nc3 Rf8+ 37. Ke2 Rf6 38. Rxf6 Kxf6 39. Nxd5+ 1-0


[Site "https://www.chess.com"]

[Event "Titled Tuesday Blitz July 11 Late 2023"]
[White "Papayan, Oleg"]
[Black "Caruana, Fabiano"]
[WhiteFideId "4193911"]
[BlackFideId "2020009"]
[WhiteElo "2516"]
[BlackElo "3120"]
[Result "0-1"]
[Round "1"]
[TimeControl "180+2"]
[Date "2023.07.11"]
[WhiteClock "0:00:03"]
[BlackClock "0:00:59"]
[Board "3"]

1. e4 c6 2. Nc3 d5 3. Nf3 b5 4. a3 a6 5. d4 Bg4 6. h3 Bh5 7. Be2 e6 8. O-O Nf6 9. Bg5 Be7 10. e5 Nfd7 11. Bxe7 Qxe7 12. b4 Nb6 13. Nd2 Bg6 14. Nb3 O-O 15. Nc5 N8d7 16. a4 Nxc5 17. dxc5 Nd7 18. axb5 axb5 19. f4 Nxc5 20. Qd4 Nd7 21. Bd3 f6 22. Ra7 Rxa7 23. Qxa7 fxe5 24. Bxg6 hxg6 25. fxe5 Rxf1+ 26. Kxf1 Qf8+ 27. Ke2 Nxe5 28. Qc7 Qf5 29. Kd1 Qf1+ 30. Kd2 Nc4# 0-1


[Site "https://www.chess.com"]

[Event "Titled Tuesday Blitz July 11 Late 2023"]
[White "Nepomniachtchi, Ian"]
[Black "Jovic, Stanoje"]
[WhiteFideId "4168119"]
[BlackFideId "905020"]
[WhiteElo "3113"]
[BlackElo "2514"]
[Result "1-0"]
[Round "1"]
[TimeControl "180+2"]
[Date "2023.07.11"]
[WhiteClock "0:02:11"]
[BlackClock "0:00:00"]
[Board "4"]

1. e4 c6 2. d4 d5 3. Nc3 dxe4 4. Nxe4 Nf6 5. Nxf6+ exf6 6. c3 Bd6 7. Bd3 O-O 8. Ne2 Qc7 9. Qc2 h6 10. Bd2 Re8 11. O-O-O c5 12. Rde1 c4 13. Bh7+ Kh8 14. Ng3 Bd7 15. Rxe8+ Bxe8 16. Re1 Nc6 17. Bf5 g6 18. Be4 Kg7 19. Kb1 b5 20. Bc1 f5 21. Bxf5 Bxg3 22. hxg3 gxf5 23. Qxf5 Qd6 24. Ka1 b4 25. Rh1 bxc3 26. bxc3 Qg6 27. Bxh6+ Kg8 28. Qh3 f5 29. Bf4 Kf7 30. Qh8 1-0


[Site "https://www.chess.com"]

[Event "Titled Tuesday Blitz July 11 Late 2023"]
[White "Chor, Kevin"]
[Black "Erigaisi Arjun"]
[WhiteFideId "2090740"]
[BlackFideId "35009192"]
[WhiteElo "2512"]
[BlackElo "3095"]
[Result "0-1"]
[Round "1"]
[TimeControl "180+2"]
[Date "2023.07.11"]
[WhiteClock "0:00:07"]
[BlackClock "0:02:14"]
[Board "5"]

1. e4 c6 2. d4 d5 3. exd5 cxd5 4. c4 e6 5. Nc3 Bb4 6. Nf3 Nc6 7. c5 Nf6 8. Bd2 O-O 9. a3 Bxc3 10. Bxc3 Ne4 11. Bd3 Nxc3 12. bxc3 b6 13. Qc2 h6 14. Bb5 Na5 15. cxb6 axb6 16. O-O Bd7 17. Bxd7 Qxd7 18. Ne5 Qc7 19. Rfc1 f6 20. Nf3 Nc4 21. a4 Qc6 22. h3 Ra5 23. Qe2 Rfa8 24. Re1 Re8 25. Qc2 Nd6 26. Nd2 Ra7 27. Rab1 Rc7 28. Re3 Nf5 29. Rd3 Rec8 30. Qb3 Rb8 31. Qb5 Qxb5 32. Rxb5 Ra7 33. c4 dxc4 34. Nxc4 Rxa4 35. Nxb6 Rxd4 36. Rdb3 Rd1+ 37. Kh2 Nd4 38. Nd7 Rxb5 0-1


[Site "https://www.chess.com"]

[Event "Titled Tuesday Blitz July 11 Late 2023"]
[White "Firouzja, Alireza"]
[Black "Perske, Thore"]
[WhiteFideId "12573981"]
[BlackFideId "12902195"]
[WhiteElo "3085"]
[BlackElo "2512"]
[Result "1-0"]
[Round "1"]
[TimeControl "180+2"]
[Date "2023.07.11"]
[WhiteClock "0:00:14"]
[BlackClock "0:00:00"]
[Board "6"]

1. d4 d5 2. c4 c6 3. cxd5 cxd5 4. Bf4 Nc6 5. Nc3 Nf6 6. e3 Bg4 7. Qb3 Na5 8. Qa4+ Bd7 9. Qc2 Rc8 10. Bd3 Nc4 11. Nf3 e6 12. O-O h6 13. Rac1 Nd6 14. Ne5 Be7 15. Qe2 O-O 16. Rc2 Nfe4 17. Bxe4 Nxe4 18. Nxe4 dxe4 19. Rfc1 Rxc2 20. Qxc2 Bd6 21. Nxd7 Qxd7 22. Bxd6 Qxd6 23. Qxe4 Qb4 24. Qc2 g6 25. g3 Kg7 26. b3 a5 27. Qc5 Ra8 28. Qxb4 axb4 29. Rc7 Ra7 30. Kg2 Kf6 31. Kf3 h5 32. e4 g5 33. h4 gxh4 34. gxh4 Kg6 35. Kg3 Kf6 36. f3 Kg6 37. Kf4 Kf6 38. Rd7 Kg6 39. Rc7 Kf6 40. Rc4 Rxa2 41. Rxb4 Rh2 42. Kg3 Rd2 43. Rxb7 Rxd4 44. b4 Kg7 45. b5 Rb4 46. Kf4 Kf6 47. b6 Rb5 48. e5+ Kg6 49. Rb8 Rb4+ 50. Ke3 Kg7 51. b7 Rb3+ 52. Kf4 Kh7 53. Kg5 Rb5 54. Kf6 1-0


[Site "https://www.chess.com"]

[Event "Titled Tuesday Blitz July 11 Late 2023"]
[White "Osmak, Yuliia"]
[Black "Hong, Andrew"]
[WhiteFideId "14101602"]
[BlackFideId "2099438"]
[WhiteElo "2512"]
[BlackElo "3082"]
[Result "0-1"]
[Round "1"]
[TimeControl "180+2"]
[Date "2023.07.11"]
[WhiteClock "0:00:01"]
[BlackClock "0:00:31"]
[Board "7"]

1. d4 Nf6 2. c4 g6 3. Nc3 Bg7 4. e4 d6 5. Be2 O-O 6. Be3 c5 7. d5 e6 8. Nf3 exd5 9. cxd5 Bg4 10. Nd2 Bxe2 11. Qxe2 Re8 12. O-O Nbd7 13. Kh1 Qb6 14. Rab1 a6 15. f3 Qc7 16. a4 Rab8 17. Rfc1 Ne5 18. f4 Neg4 19. Bg1 h5 20. h3 Nh6 21. Qf3 b5 22. axb5 axb5 23. b4 c4 24. Ra1 Rb7 25. Ra6 Qe7 26. Rb6 Rxb6 27. Bxb6 Qb7 28. Bf2 Ra8 29. e5 dxe5 30. fxe5 Nd7 31. e6 Ne5 32. Qe4 Nd3 33. exf7+ Qxf7 0-1


[Site "https://www.chess.com"]

[Event "Titled Tuesday Blitz July 11 Late 2023"]
[White "Fedoseev, Vladimir"]
[Black "Dixit, Nikhil"]
[WhiteFideId "24130737"]
[BlackFideId "5059534"]
[WhiteElo "3072"]
[BlackElo "2511"]
[Result "1-0"]
[Round "1"]
[TimeControl "180+2"]
[Date "2023.07.11"]
[WhiteClock "0:02:40"]
[BlackClock "0:02:17"]
[Board "8"]

1. Nf3 Nf6 2. b3 g6 3. Bb2 Bg7 4. e3 O-O 5. c4 d6 6. Nc3 c5 7. g3 Nc6 8. Bg2 Ne4 9. Rc1 Nxc3 10. Bxc3 e5 11. O-O e4 12. Ne1 f5 13. Bxg7 Kxg7 14. d3 exd3 15. Nxd3 Ne5 16. Nf4 Rb8 17. Qd2 Qe7 18. Rfd1 Rd8 19. Qc3 b6 20. Nd5 Qe6 21. f4 Kh6 22. fxe5 dxe5 23. e4 1-0


[Site "https://www.chess.com"]

[Event "Titled Tuesday Blitz July 11 Late 2023"]
[White "Tifferet, Shaked"]
[Black "Duda, Jan-Krzysztof"]
[WhiteFideId "2811529"]
[BlackFideId "1170546"]
[WhiteElo "2511"]
[BlackElo "3056"]
[Result "0-1"]
[Round "1"]
[TimeControl "180+2"]
[Date "2023.07.11"]
[WhiteClock "0:00:07"]
[BlackClock "0:00:58"]
[Board "9"]

1. e4 e5 2. Nf3 Nc6 3. Nc3 Nf6 4. Be2 d6 5. d4 Bd7 6. O-O g6 7. Bg5 h6 8. Bh4 Bg7 9. Bb5 exd4 10. Nxd4 Nxd4 11. Bxd7+ Qxd7 12. Qxd4 Nh5 13. Qd2 g5 14. Bg3 Nxg3 15. fxg3 c6 16. Rad1 Be5 17. Rf5 f6 18. Ne2 O-O-O 19. b4 h5 20. h3 Qe6 21. c3 Qc4 22. Nd4 g4 23. hxg4 hxg4 24. Kf2 c5 25. Ne2 Qxe4 26. Qd3 Qxd3 27. Rxd3 Kd7 28. bxc5 Ke6 29. Rf4 Bxf4 30. Nxf4+ Kf7 31. cxd6 Rd7 32. c4 Rc8 33. Rd4 Rc6 34. Nd5 b5 35. cxb5 Rcxd6 36. b6 axb6 0-1


[Site "https://www.chess.com"]

[Event "Titled Tuesday Blitz July 11 Late 2023"]
[White "Bluebaum, Matthias"]
[Black "Olivares Olivares, Claudio"]
[WhiteFideId "24651516"]
[BlackFideId "3400786"]
[WhiteElo "3052"]
[BlackElo "2510"]
[Result "1-0"]
[Round "1"]
[TimeControl "180+2"]
[Date "2023.07.11"]
[WhiteClock "0:01:45"]
[BlackClock "0:01:44"]
[Board "10"]

1. d4 Nf6 2. c4 e6 3. Nc3 Bb4 4. e3 O-O 5. Bd2 c5 6. a3 Bxc3 7. Bxc3 d6 8. dxc5 dxc5 9. Bd3 Nc6 10. Qc2 h6 11. O-O-O Qe7 12. f4 Rd8 13. Nf3 Bd7 14. Rhg1 h5 15. h3 h4 16. Nxh4 Ne4 17. Ng6 fxg6 18. Bxe4 g5 19. Qe2 Be8 20. Qg4 gxf4 21. Qxf4 Qf7 22. Qh4 Qh5 23. Qxh5 Bxh5 24. g4 Be8 25. h4 Rab8 26. h5 b6 27. Rh1 Ne7 28. Rxd8 Rxd8 29. h6 gxh6 30. Rxh6 Kf7 31. Rh7+ Kf8 32. Bg7+ Kg8 33. Bf6 1-0


[Site "https://www.chess.com"]

[Event "Titled Tuesday Blitz July 11 Late 2023"]
[White "Vovk, Orest"]
[Black "Sarana, Alexey"]
[WhiteFideId "14113490"]
[BlackFideId "24133795"]
[WhiteElo "2510"]
[BlackElo "3052"]
[Result "1/2-1/2"]
[Round "1"]
[TimeControl "180+2"]
[Date "2023.07.11"]
[WhiteClock "0:00:07"]
[BlackClock "0:00:10"]
[Board "11"]

1. g4 d5 2. h3 e5 3. Bg2 c6 4. d4 e4 5. c4 h5 6. Nc3 hxg4 7. Qb3 gxh3 8. cxd5 h2 9. Nh3 cxd5 10. Qxd5 Qxd5 11. Nxd5 Bd6 12. Bf4 Bxh3 13. Rxh2 Rh5 14. Bxe4 Ne7 15. Bxd6 Nxd5 16. Bf3 Rg5 17. Rxh3 Rg1+ 18. Kd2 Rxa1 19. Bxd5 Kd7 20. Bxb7 Kxd6 21. Bxa8 Rxa2 22. Kc3 Nd7 23. Rh7 Nb6 24. Be4 Ke6 25. Rxg7 Ra1 26. Bd3 Kf6 27. Rg8 Nd5+ 28. Kb3 Nf4 29. Rg3 Ne6 30. Rf3+ Ke7 31. e3 f6 32. Bc4 Ng5 33. Rg3 Ne4 34. Rg7+ Kd6 35. Rg8 Nxf2 36. Kc3 Rc1+ 37. Kb3 Ne4 38. Bd3 Nd2+ 39. Ka2 Re1 40. Rd8+ Kc7 41. Ra8 Rxe3 42. Rxa7+ Kb6 43. Ra3 Rf3 44. d5 Kc5 45. Ra5+ Kd6 46. Bc2 Nc4 47. Ra6+ Kc5 48. Bb3 Nd2 49. Rc6+ Kb5 50. Rc3 Rf4 51. Rd3 Nxb3 52. Kxb3 Re4 53. d6 Re8 54. d7 Rd8 55. Kc3 Kc6 56. Rd2 Rxd7 57. Rxd7 Kxd7 58. Kd4 Kc6 59. Ke4 Kd6 60. Kf4 Ke7 61. b4 Ke6 62. Ke4 Kd6 63. Kf5 Kc6 64. Kxf6 Kb5 65. Kf5 Kxb4 1/2-1/2


[Site "https://www.chess.com"]

[Event "Titled Tuesday Blitz July 11 Late 2023"]
[White "Martinez Alcantara, Jose Eduardo"]
[Black "Yedidia, Daniel"]
[WhiteFideId "3805662"]
[BlackFideId "30905907"]
[WhiteElo "3015"]
[BlackElo "2510"]
[Result "1-0"]
[Round "1"]
[TimeControl "180+2"]
[Date "2023.07.11"]
[WhiteClock "0:01:23"]
[BlackClock "0:00:04"]
[Board "12"]

1. e4 e5 2. Nf3 Nc6 3. Bb5 a6 4. Ba4 Nf6 5. d3 b5 6. Bb3 Be7 7. c3 O-O 8. O-O d6 9. Re1 Na5 10. Bc2 c5 11. Nbd2 Nc6 12. Nf1 Qc7 13. Bg5 b4 14. Bxf6 Bxf6 15. Ne3 Be6 16. Bb3 Na5 17. Bxe6 fxe6 18. cxb4 cxb4 19. Rc1 Qb6 20. Qa4 Ra7 21. h4 Raf7 22. a3 b3 23. Qb4 Qd8 24. h5 Rb7 25. Qd2 Rbf7 26. Ng4 Nb7 27. h6 g6 28. Qe3 Nc5 29. Red1 Be7 30. Rxc5 Rxf3 31. gxf3 Bg5 32. Rc8 1-0


[Site "https://www.chess.com"]

[Event "Titled Tuesday Blitz July 11 Late 2023"]
[White "Khandelwal, Ankush"]
[Black "Paravyan, David"]
[WhiteFideId "413470"]
[BlackFideId "4194985"]
[WhiteElo "2508"]
[BlackElo "3013"]
[Result "0-1"]
[Round "1"]
[TimeControl "180+2"]
[Date "2023.07.11"]
[WhiteClock "0:00:05"]
[BlackClock "0:00:31"]
[Board "13"]

1. e4 e5 2. Nf3 Nf6 3. d4 Nxe4 4. Bd3 d5 5. Nxe5 Nd7 6. Nxd7 Bxd7 7. O-O Bd6 8. Nc3 Nxc3 9. bxc3 O-O 10. Qh5 f5 11. Re1 Qf6 12. Qf3 c6 13. Bf4 Rae8 14. c4 dxc4 15. Bxc4+ Kh8 16. c3 h6 17. h3 Kh7 18. Qg3 Bxf4 19. Qxf4 Rxe1+ 20. Rxe1 Re8 21. Rxe8 Bxe8 22. Qc7 Qg5 23. Be6 Bg6 24. f4 Qg3 25. Qb8 Qe1+ 26. Kh2 Qxe6 27. Qxb7 a5 28. Qc7 a4 29. Qa5 Qxa2 30. h4 h5 31. Qa6 Qf2 32. Qxa4 Qxh4+ 33. Kg1 Qe1+ 34. Kh2 Qxc3 35. d5 cxd5 36. Qd7 Qf6 37. Qxd5 Qh4+ 38. Kg1 Qxf4 39. Kh1 Qg3 40. Qd1 h4 41. Qe2 h3 42. gxh3 Qxh3+ 43. Kg1 Qg4+ 0-1


[Site "https://www.chess.com"]

[Event "Titled Tuesday Blitz July 11 Late 2023"]
[White "Andreikin, Dmitry"]
[Black "WindWhistler11"]
[WhiteFideId "4158814"]
[WhiteElo "3011"]
[BlackElo "2506"]
[Result "1-0"]
[Round "1"]
[TimeControl "180+2"]
[Date "2023.07.11"]
[WhiteClock "0:02:09"]
[BlackClock "0:00:01"]
[Board "14"]

1. d4 Nf6 2. c4 e6 3. Nf3 c5 4. g3 cxd4 5. Nxd4 Nc6 6. Bg2 a6 7. O-O Be7 8. Nc3 Qc7 9. b3 O-O 10. Bb2 b6 11. Rc1 Bb7 12. Nd5 Qd8 13. Nxe7+ Qxe7 14. Qd2 Rac8 15. Rfd1 Rfd8 16. Qe3 Ng4 17. Nxc6 Bxc6 18. Qxb6 Bxg2 19. Kxg2 Rc6 20. Qa7 h5 21. h3 Nh6 22. Rd3 Nf5 23. e4 d6 24. Qxe7 Nxe7 25. Rcd1 Nc8 26. e5 Kf8 27. exd6 Nxd6 28. c5 1-0


[Site "https://www.chess.com"]

[Event "Titled Tuesday Blitz July 11 Late 2023"]
[White "Rakitic2010"]
[Black "Bortnyk, Mykola"]
[BlackFideId "14120836"]
[WhiteElo "2504"]
[BlackElo "3001"]
[Result "0-1"]
[Round "1"]
[TimeControl "180+2"]
[Date "2023.07.11"]
[WhiteClock "0:00:04"]
[BlackClock "0:00:42"]
[Board "15"]

1. e4 Nf6 2. e5 Nd5 3. c4 Nb6 4. d4 d6 5. exd6 cxd6 6. Nc3 g6 7. Be3 Bg7 8. Rc1 O-O 9. b3 Nc6 10. Be2 e5 11. dxe5 dxe5 12. Qxd8 Rxd8 13. Nf3 h6 14. O-O f5 15. Rfd1 Be6 16. Nb5 e4 17. Ne1 Bf7 18. Rxd8+ Rxd8 19. Nxa7 Nd4 20. Kf1 Ra8 21. Nb5 Nxe2 22. Kxe2 Rxa2+ 23. Rc2 Rxc2+ 24. Nxc2 Nxc4 25. Bd4 Na5 26. Bxg7 Kxg7 27. b4 Bc4+ 28. Ke3 Bxb5 29. bxa5 Kf6 30. Kd4 g5 31. g3 h5 32. Ne3 Bc6 33. Kc5 f4 34. Nc4 Ba4 35. Kd4 e3 36. fxe3 f3 37. Nd2 g4 38. e4 Bb5 39. Ke3 Ke5 40. Nb3 Bc6 41. Nc5 Kd6 42. Nd3 Be8 43. Nb4 Bb5 44. Nd5 Bc4 45. Nf4 Bf7 46. h3 Kc5 47. e5 Be8 48. hxg4 hxg4 49. Nd3+ Kd5 50. Kf4 Bd7 51. Nf2 Kd4 52. Nh1 Kd3 53. Kg5 Ke2 54. Kf6 f2 55. Nxf2 Kxf2 56. e6 Bc6 57. Ke7 Kxg3 58. Kd6 Bb5 59. Kc7 Kf4 60. Kxb7 Ke5 61. e7 Kd6 62. a6 Bxa6+ 63. Kxa6 Kxe7 64. Kb5 g3 65. Kc4 g2 66. Kd3 g1=Q 67. Ke2 Qg3 0-1


[Site "https://www.chess.com"]

[Event "Titled Tuesday Blitz July 11 Late 2023"]
[White "Deac, Bogdan-Daniel"]
[Black "Peycheva, Gergana"]
[WhiteFideId "1226380"]
[BlackFideId "2916711"]
[WhiteElo "2992"]
[BlackElo "2503"]
[Result "1-0"]
[Round "1"]
[TimeControl "180+2"]
[Date "2023.07.11"]
[WhiteClock "0:02:08"]
[BlackClock "0:00:13"]
[Board "16"]

1. b3 d5 2. Bb2 Nf6 3. e3 Bf5 4. c4 e6 5. cxd5 exd5 6. Qf3 Be4 7. Bxf6 gxf6 8. Qh5 Bg7 9. Nc3 O-O 10. Nxe4 dxe4 11. Ne2 Nc6 12. Ng3 Nb4 13. Rc1 b6 14. Rc4 Kh8 15. Rxb4 1-0


[Site "https://www.chess.com"]

[Event "Titled Tuesday Blitz July 11 Late 2023"]
[White "Zhang, Derek"]
[Black "Bok, Benjamin"]
[WhiteFideId "2087871"]
[BlackFideId "1017063"]
[WhiteElo "2501"]
[BlackElo "2992"]
[Result "1-0"]
[Round "1"]
[TimeControl "180+2"]
[Date "2023.07.11"]
[WhiteClock "0:00:32"]
[BlackClock "0:00:00"]
[Board "17"]

1. Nf3 d5 2. c4 e6 3. e3 Nf6 4. Nc3 c6 5. b3 Bd6 6. Bb2 O-O 7. Be2 b6 8. Qc2 Bb7 9. Rg1 Na6 10. g4 c5 11. g5 Ne4 12. cxd5 exd5 13. Nxe4 dxe4 14. Bxa6 Bxa6 15. Qxe4 Re8 16. Qd5 Bf8 17. Qxd8 Raxd8 18. d4 cxd4 19. Nxd4 Bb4+ 20. Kd1 Rd5 21. Rc1 g6 22. Rc7 Re7 23. Rxe7 Bxe7 24. f4 Bd3 25. Kd2 Be4 26. Rc1 Bb4+ 27. Bc3 Bf8 28. Bb2 Bb4+ 29. Ke2 Rc5 30. Rxc5 Bxc5 31. Nb5 a6 32. Nc3 Bb7 33. Kd3 Kf8 34. Ne4 Be7 35. Bf6 Bb4 36. Bd4 Ba5 37. Nf6 h5 38. gxh6 Bf3 39. Nd7+ Kg8 40. Bxb6 Be1 41. Bd4 Kh7 42. Bg7 g5 43. fxg5 Bh4 44. Bf6 Kg6 45. Ne5+ Kh7 46. Nxf3 1-0


[Site "https://www.chess.com"]

[Event "Titled Tuesday Blitz July 11 Late 2023"]
[White "He, Anthony"]
[Black "Forgacs, Attila Jr."]
[WhiteFideId "2088215"]
[BlackFideId "773654"]
[WhiteElo "2990"]
[BlackElo "2501"]
[Result "1-0"]
[Round "1"]
[TimeControl "180+2"]
[Date "2023.07.11"]
[WhiteClock "0:00:22"]
[BlackClock "0:00:00"]
[Board "18"]

1. d4 Nf6 2. Nc3 d5 3. Bf4 g6 4. e3 Bg7 5. h4 h5 6. Nf3 O-O 7. Be2 c5 8. O-O cxd4 9. exd4 Nc6 10. Ne5 Bf5 11. Bf3 Ne4 12. Ne2 Rc8 13. c3 Nxe5 14. dxe5 e6 15. g3 Qb6 16. Qb3 Qc7 17. Nd4 Bxe5 18. Bxe5 Qxe5 19. Rfe1 Qc7 20. Rad1 a6 21. Nxf5 gxf5 22. c4 Qxc4 23. Qxb7 Rb8 24. Qe7 Qc5 25. Qxc5 Nxc5 26. b3 f4 27. gxf4 Rb4 28. Kg2 Rxf4 29. Re5 Kg7 30. Kg3 Rb4 31. Rxh5 Rg8 32. Rc1 Kf6+ 33. Kh3 Ne4 34. Rc2 Rb7 35. Bxe4 dxe4 36. Ra5 Rb6 37. Ra4 Rd8 38. Rxe4 Rd5 39. f3 Rbd6 40. Kg3 Rf5 41. Rf4 Rxf4 42. Kxf4 Rd4+ 43. Kg3 Kf5 44. Rc5+ e5 45. Rc6 Rd3 46. Rc4 f6 47. Ra4 Rd6 48. Kf2 Rc6 49. Ke3 Ke6 50. b4 f5 51. Ra5 Rc3+ 52. Ke2 Rc6 53. a4 e4 54. fxe4 fxe4 55. Ke3 Rc3+ 56. Kd4 Rh3 57. Rxa6+ Kd7 58. Rh6 e3 59. Kd3 Ke7 60. a5 Kf7 61. a6 Kg7 62. a7 Kxh6 63. a8=Q Rxh4 64. Qh8+ Kg5 65. Qe5+ Kg6 66. b5 Rh5 67. Qd6+ Kf7 68. b6 Rh1 69. Qd7+ Kf8 70. Qc8+ 1-0


[Site "https://www.chess.com"]

[Event "Titled Tuesday Blitz July 11 Late 2023"]
[White "Mackster23"]
[Black "Kollars, Dmitrij"]
[BlackFideId "12909572"]
[WhiteElo "2501"]
[BlackElo "2989"]
[Result "0-1"]
[Round "1"]
[TimeControl "180+2"]
[Date "2023.07.11"]
[WhiteClock "0:00:08"]
[BlackClock "0:00:37"]
[Board "19"]

1. e4 c6 2. d4 d5 3. Nd2 dxe4 4. Nxe4 Nf6 5. Nxf6+ exf6 6. c3 Bd6 7. Bd3 O-O 8. Qc2 c5 9. dxc5 Bxc5 10. Bxh7+ Kh8 11. Bd3 Nc6 12. Bf4 Qb6 13. Bg3 Re8+ 14. Ne2 Ne5 15. b4 Bf8 16. O-O Nxd3 17. Qxd3 Be6 18. Nd4 Bd5 19. Rfe1 Bxa2 20. Re4 Rxe4 21. Qxe4 Bc4 22. Re1 Kg8 23. Nf5 Qe6 24. Qxe6 fxe6 25. Nd6 Bd5 26. Nb5 Rc8 27. Re3 Bxb4 28. h4 Bc5 29. Rd3 Bc4 30. Nd6 Bxd3 31. Nxc8 e5 0-1


[Site "https://www.chess.com"]

[Event "Titled Tuesday Blitz July 11 Late 2023"]
[White "Oparin, Grigoriy"]
[Black "Dragomirescu, Robin-Alexandru"]
[WhiteFideId "24125890"]
[BlackFideId "1213849"]
[WhiteElo "2987"]
[BlackElo "2500"]
[Result "1/2-1/2"]
[Round "1"]
[TimeControl "180+2"]
[Date "2023.07.11"]
[WhiteClock "0:00:19"]
[BlackClock "0:00:10"]
[Board "20"]

1. e4 g6 2. d4 Nf6 3. Nf3 Nxe4 4. c4 Bg7 5. Bd3 Nf6 6. O-O d5 7. cxd5 Nxd5 8. Nc3 O-O 9. Re1 Bg4 10. Bg5 Nf6 11. h3 Bxf3 12. Qxf3 c6 13. Rad1 Nbd7 14. Bc4 Nb6 15. Bb3 h6 16. Bxf6 Bxf6 17. d5 Bxc3 18. dxc6 Bxe1 19. Rxd8 Raxd8 20. Qe4 e6 21. Qxe1 bxc6 22. Qc1 Kg7 23. Qxc6 Nd5 24. Qa4 Ra8 25. Bxd5 exd5 26. Qd4+ Kg8 27. Qxd5 Rfd8 28. Qf3 Rab8 29. b3 Rb6 30. g4 Re6 31. Kg2 a6 32. Qc3 Rd5 33. Kg3 Rd7 34. f3 Rdd6 35. b4 Rc6 36. Qd3 Rcd6 37. Qc4 Rc6 38. Qd5 Rcd6 39. Qa8+ Kg7 40. Qc8 Rc6 41. Qd7 Rcd6 42. Qc7 Rc6 43. Qa7 Rcd6 44. a4 Rc6 45. Qd4+ Kg8 46. Qf4 Kg7 47. Qd4+ Kg8 48. h4 Rb6 49. h5 gxh5 50. gxh5 Rbd6 51. Qc5 Rc6 52. Qf5 Rf6 53. Qd5 Rc3 54. Kg4 Rcc6 55. f4 Kg7 56. Qd4 Rd6 57. Qb2 Rc6 58. b5 axb5 59. Qxb5 Rb6 60. Qd5 Ra6 61. a5 Rad6 62. Qe5 Re6 63. Qa1 Ra6 64. f5 Rc6 65. Qd4 Ra6 66. Qb4 Rac6 67. Kf4 Ra6 68. Ke5 Rac6 69. Qg4+ Kf8 70. Qd4 Ra6 71. Qd2 Kg7 72. Qb4 Rac6 73. Kd5 Ra6 74. Qg4+ Kf8 75. Qb4+ Kg7 76. Ke4 Rac6 77. Qb5 Ra6 78. Kd4 Rac6 79. Qe5 Rd6+ 80. Kc5 Ra6 81. Kb5 Rd6 82. Qg3+ Kh7 83. Qe5 Kg7 84. Kb4 Ra6 85. Qc5 Rad6 86. Qc7 Kh7 87. Qe7 Kg7 88. Qc7 Rd5 89. Qg3+ Kh7 90. Qf3 Rfxf5 91. Qe4 Rxa5 92. Qe8 Rae5 93. Qf8 Re6 94. Kc4 Ref6 95. Qe7 Kg7 96. Qe2 Rg5 97. Qd1 Rf4+ 98. Kc3 Rg3+ 99. Kc2 Rf2+ 100. Kc1 Rgf3 101. Qd4+ Rf6 102. Qg4+ Kh7 103. Qe4+ R2f5 104. Kd2 Kg7 105. Qg4+ Rg5 106. Qh4 Rff5 107. Qd4+ Re5 108. Qa1 Rxh5 109. Kd3 Rf5 110. Qh1 Rg5 111. Kd4 Ref5 112. Ke4 Kg6 113. Qb1 f6 114. Qb8 Rg4+ 115. Ke3 Rgg5 116. Qe8+ Kh7 117. Qd7+ Kg8 118. Qe8+ Kg7 119. Qd7+ Kf8 120. Qd8+ Kf7 121. Qd7+ Kg6 122. Qe8+ Kg7 123. Qd7+ Kh8 124. Qc8+ Kh7 125. Qd7+ Kg8 126. Qe8+ Kg7 1/2-1/2


[Site "https://www.chess.com"]

[Event "Titled Tuesday Blitz July 11 Late 2023"]
[White "Reprintsev, Alexander"]
[Black "Kramnik, Vladimir"]
[WhiteFideId "14100541"]
[BlackFideId "4101588"]
[WhiteElo "2500"]
[BlackElo "2982"]
[Result "0-1"]
[Round "1"]
[TimeControl "180+2"]
[Date "2023.07.11"]
[WhiteClock "0:00:16"]
[BlackClock "0:00:39"]
[Board "21"]

1. e4 c5 2. b3 d6 3. Bb2 Nc6 4. Bb5 Bd7 5. Ne2 Nf6 6. Bxf6 gxf6 7. Nbc3 h5 8. d4 cxd4 9. Nxd4 Qa5 10. Qd2 Bh6 11. Qd3 Rc8 12. Bxc6 bxc6 13. O-O h4 14. Nf5 Bf4 15. Ne2 Be5 16. c3 d5 17. f4 Bc7 18. e5 Qb5 19. c4 Qc5+ 20. Kh1 h3 21. g4 fxe5 22. fxe5 Bxe5 23. Rae1 dxc4 24. bxc4 Be6 25. Nf4 Bxc4 26. Rxe5 Bxd3 27. Rxc5 Bxf1 28. Nd5 Bg2+ 0-1


[Site "https://www.chess.com"]

[Event "Titled Tuesday Blitz July 11 Late 2023"]
[White "Esipenko, Andrey"]
[Black "Trifan, Andrei Ioan"]
[WhiteFideId "24175439"]
[BlackFideId "12967068"]
[WhiteElo "2981"]
[BlackElo "2496"]
[Result "1-0"]
[Round "1"]
[TimeControl "180+2"]
[Date "2023.07.11"]
[WhiteClock "0:01:14"]
[BlackClock "0:00:17"]
[Board "22"]

1. Nf3 Nf6 2. g3 b6 3. d3 Bb7 4. e4 d5 5. e5 Nfd7 6. e6 fxe6 7. Ng5 Nf6 8. Nxe6 Qd6 9. Qe2 Bc8 10. Bh3 Bxe6 11. Bxe6 Nc6 12. Bf4 Qc5 13. c3 Nd8 14. O-O Qc6 15. Bh3 e6 16. Nd2 Kf7 17. Nf3 Bd6 18. Ng5+ Kg6 19. d4 Bxf4 20. gxf4 Ne4 21. Qc2 Nf7 22. f3 1-0


[Site "https://www.chess.com"]

[Event "Titled Tuesday Blitz July 11 Late 2023"]
[White "Mei, Austin"]
[Black "Maghsoodloo, Parham"]
[WhiteFideId "30948479"]
[BlackFideId "12539929"]
[WhiteElo "2496"]
[BlackElo "2974"]
[Result "0-1"]
[Round "1"]
[TimeControl "180+2"]
[Date "2023.07.11"]
[WhiteClock "0:00:02"]
[BlackClock "0:00:03"]
[Board "23"]

1. e4 c5 2. Nf3 Nc6 3. d4 cxd4 4. Nxd4 e5 5. Nb5 d6 6. c4 Be6 7. N1c3 a6 8. Na3 Nf6 9. Bd3 g6 10. O-O Bg7 11. Nd5 O-O 12. Be3 Nd4 13. Nc2 Ng4 14. Bd2 Nxc2 15. Qxc2 f5 16. h3 Nh6 17. exf5 Nxf5 18. Be4 Rc8 19. Qd3 Rf7 20. Rad1 Qh4 21. b3 Rcf8 22. Ne3 Nd4 23. Be1 Bh6 24. f3 Qh5 25. Ng4 Bg7 26. Bf2 Qg5 27. Be3 Qh4 28. Bf2 Qe7 29. Ne3 Qg5 30. Bd5 Nxf3+ 31. Kh1 Nd4 32. Bxe6 Nxe6 33. Bg1 Nd4 34. Qe4 Rxf1 35. Rxf1 Rxf1 36. Nxf1 Qf5 37. Qd5+ Qf7 38. Bxd4 Qxd5 39. cxd5 exd4 40. Kg1 Kf7 41. Kf2 Kf6 42. Ke2 d3+ 43. Kxd3 Ke5 44. Ne3 h5 45. g3 Bh6 46. Nc4+ Kxd5 47. g4 hxg4 48. hxg4 b5 49. Na3 Ke5 50. Nc2 Kf4 51. Nb4 a5 52. Nc6 a4 53. bxa4 bxa4 54. Ne7 g5 55. Nf5 Bf8 56. Ne3 Bg7 57. Nc4 Be5 58. Ne3 Kf3 59. a3 Bf4 60. Nc4 Kxg4 61. Ke4 Kh3 62. Kf3 d5 63. Kf2 dxc4 0-1


[Site "https://www.chess.com"]